| TOP OF THE 1ST |
|
Brooklyn Cyclones batting - Pitching for Ocean City Blue Crabs : RHP Chad Ogea
|
|
Pitching: RHP Chad Ogea
|
|
|
Batting: RHB Onix Concepcion
|
0-0: Called Strike 0-1: Ground out 5-3 (Groundball, 56S, EV 83.8 MPH)
|
|
Batting: LHB Ray Giannelli
|
0-0: Ball 1-0: Ball 2-0: Ball 3-0: Called Strike 3-1: SINGLE (Line Drive, 7S, EV 105.6 MPH)
|
|
Batting: RHB Jed Hansen
|
0-0: Ball 1-0: Ball 2-0: SINGLE (Groundball, 34, EV 76.9 MPH) (infield hit) Ray Giannelli to second
|
|
Batting: SHB Turner Ward
|
0-0: Fielders Choice at 2nd, 4-6 (Groundball, 4, EV 93.1 MPH) Ray Giannelli to third
|
|
Batting: LHB Greg Blosser
|
0-0: Fielders Choice at 2nd, 6-4 (Groundball, 6, EV 86.3 MPH)
|
| Top of the 1st over - 0 runs, 2 hits, 0 errors, 2 left on base; Brooklyn 0 - Ocean City 0 |
| BOTTOM OF THE 1ST |
|
Ocean City Blue Crabs batting - Pitching for Brooklyn Cyclones : RHP Frankie Rodriguez
|
|
Pitching: RHP Frankie Rodriguez
|
|
|
Batting: RHB Jarvis Brown
|
0-0: Fly out, F9 (Flyball, 9LS, EV 93.1 MPH)
|
|
Batting: RHB Cheron Farley
|
0-0: Ball 1-0: Called Strike 1-1: Ball 2-1: Swinging Strike 2-2: Strikes out looking
|
|
Batting: SHB Junior Felix
|
0-0: Called Strike 0-1: Ball 1-1: Foul Ball, location: 2F 1-2: SINGLE (Flyball, 9S, EV 88.1 MPH)
|
|
Batting: LHB Don Mattingly
|
0-0: Ball 1-0: Fly out, F8 (Flyball, 8RD, EV 103.1 MPH)
|
| Bottom of the 1st over - 0 runs, 1 hit, 0 errors, 1 left on base; Brooklyn 0 - Ocean City 0 |
| TOP OF THE 2ND |
|
Brooklyn Cyclones batting - Pitching for Ocean City Blue Crabs : RHP Chad Ogea
|
|
Batting: RHB Brent Cookson
|
0-0: Called Strike 0-1: Called Strike 0-2: Foul Ball, location: 2F 0-2: Fly out, F6 (Flyball, 6D, EV 91.3 MPH)
|
|
Batting: RHB Pedro Castellano
|
0-0: Called Strike 0-1: Ball 1-1: Ball 2-1: Foul Ball, location: 2F 2-2: Fly out, F1 (Line Drive, P, EV 66.3 MPH)
|
|
Batting: RHB Mike R. Fitzgerald
|
0-0: Called Strike 0-1: Ball 1-1: Swinging Strike 1-2: Strikes out swinging
|
| Top of the 2nd over - 0 runs, 0 hits, 0 errors, 0 left on base; Brooklyn 0 - Ocean City 0 |
| BOTTOM OF THE 2ND |
|
Ocean City Blue Crabs batting - Pitching for Brooklyn Cyclones : RHP Frankie Rodriguez
|
|
Batting: LHB Curtis Pride
|
0-0: Called Strike 0-1: DOUBLE (Line Drive, 7LM, EV 94.4 MPH)
|
|
Batting: RHB Scott Leius
|
0-0: Fly out, F9 (Flyball, 89S, EV 88.1 MPH)
|
|
Batting: RHB Jeff Abbott
|
0-0: Ball 1-0: Called Strike 1-1: SINGLE (Flyball, 7S, EV 97.5 MPH) Curtis Pride to third
|
|
Batting: RHB Einar Diaz
|
0-0: Ball 1-0: Foul Ball, location: 2F 1-1: Foul Ball, location: 2F 1-2: SINGLE (Line Drive, 56D, EV 95.6 MPH) Curtis Pride scores Jeff Abbott to second
|
|
Batting: RHB Manny Alexander
|
0-0: Swinging Strike 0-1: SINGLE (Groundball, 15S, EV 67.5 MPH) (infield hit) Jeff Abbott to third Einar Diaz to second
|
|
Batting: RHB Jarvis Brown
|
0-0: Called Strike 0-1: Called Strike 0-2: Fly out, F8 (Flyball, 78M, EV 81.3 MPH) Runner from 3rd tags up, SCORES, throw by CF
|
|
Batting: RHB Cheron Farley
|
0-0: Ball 1-0: Called Strike 1-1: Called Strike 1-2: Ball 2-2: Strikes out swinging
|
| Bottom of the 2nd over - 2 runs, 4 hits, 0 errors, 2 left on base; Brooklyn 0 - Ocean City 2 |
| TOP OF THE 3RD |
|
Brooklyn Cyclones batting - Pitching for Ocean City Blue Crabs : RHP Chad Ogea
|
|
Batting: LHB Joe Siddall
|
0-0: Ground out 6-3 (Groundball, 6, EV 90.0 MPH)
|
|
Batting: RHB Onix Concepcion
|
0-0: Called Strike 0-1: Ball 1-1: Ball 2-1: Foul Ball, location: 2F 2-2: Ball 3-2: Strikes out looking
|
|
Batting: LHB Ray Giannelli
|
0-0: Ball 1-0: Foul Ball, location: 2F 1-1: Ball 2-1: Ball 3-1: Foul Ball, location: 2F 3-2: Base on Balls
|
|
Batting: RHB Jed Hansen
|
0-0: DOUBLE (Line Drive, 89D, EV 106.9 MPH) Ray Giannelli to third Runner from 3rd tries for Home, SAFE, throw by RF to home
|
|
Batting: SHB Turner Ward
|
0-0: Called Strike 0-1: Ball 1-1: Swinging Strike 1-2: Ball 2-2: Foul Ball, location: 2F 2-2: Strikes out swinging
|
| Top of the 3rd over - 1 run, 1 hit, 0 errors, 1 left on base; Brooklyn 1 - Ocean City 2 |
| BOTTOM OF THE 3RD |
|
Ocean City Blue Crabs batting - Pitching for Brooklyn Cyclones : RHP Frankie Rodriguez
|
|
Batting: SHB Junior Felix
|
0-0: Ball 1-0: Foul Ball, location: 2F 1-1: Ball 2-1: SINGLE (Groundball, 4, EV 81.3 MPH) (infield hit)
|
|
Batting: LHB Don Mattingly
|
0-0: Foul Ball, location: 2F 0-1: Ball 1-1: Ball 2-1: Ball 3-1: Called Strike 3-2: Base on Balls Junior Felix to second
|
|
Batting: LHB Curtis Pride
|
0-0: Called Strike 0-1: Ball 1-1: SINGLE (Line Drive, 34D, EV 95.6 MPH) Junior Felix to third Don Mattingly to second Runner from 3rd tries for Home, SAFE, throw by RF to home
|
|
Batting: RHB Scott Leius
|
0-0: Foul Ball, location: 2F 0-1: Swinging Strike 0-2: Ball 1-2: Foul Ball, location: 2F 1-2: Ball 2-2: Reached on error, E6 (Groundball, 6, EV 85.0 MPH) Don Mattingly to third Curtis Pride to second
|
|
Batting: RHB Jeff Abbott
|
0-0: Grounds into double play, 5-4-3 (Groundball, 56S, EV 88.1 MPH) Don Mattingly scores Curtis Pride to third
|
|
Batting: RHB Einar Diaz
|
0-0: Called Strike 0-1: Ground out 4-3 (Groundball, 4, EV 80.0 MPH)
|
| Bottom of the 3rd over - 2 runs, 2 hits, 1 error, 1 left on base; Brooklyn 1 - Ocean City 4 |
| TOP OF THE 4TH |
|
Brooklyn Cyclones batting - Pitching for Ocean City Blue Crabs : RHP Chad Ogea
|
|
Batting: LHB Greg Blosser
|
0-0: Called Strike 0-1: Called Strike 0-2: Ground out 5-3 (Groundball, 56, EV 84.4 MPH)
|
|
Batting: RHB Brent Cookson
|
0-0: Ball 1-0: Fly out, F9 (Flyball, 89M, EV 92.5 MPH)
|
|
Batting: RHB Pedro Castellano
|
0-0: Ball 1-0: Ball 2-0: SINGLE (Line Drive, 6D, EV 102.5 MPH)
|
|
Batting: RHB Mike R. Fitzgerald
|
0-0: Called Strike 0-1: Called Strike 0-2: Foul Ball, location: 2F 0-2: Strikes out swinging
|
| Top of the 4th over - 0 runs, 1 hit, 0 errors, 1 left on base; Brooklyn 1 - Ocean City 4 |
| BOTTOM OF THE 4TH |
|
Ocean City Blue Crabs batting - Pitching for Brooklyn Cyclones : RHP Frankie Rodriguez
|
|
Batting: RHB Manny Alexander
|
0-0: Called Strike 0-1: Ball 1-1: Swinging Strike 1-2: Strikes out swinging
|
|
Batting: RHB Jarvis Brown
|
0-0: Swinging Strike 0-1: Swinging Strike 0-2: Ball 1-2: Strikes out swinging
|
|
Batting: RHB Cheron Farley
|
0-0: Called Strike 0-1: Ball 1-1: Ball 2-1: Ball 3-1: Fly out, F8 (Flyball, 8RM, EV 76.3 MPH)
|
| Bottom of the 4th over - 0 runs, 0 hits, 0 errors, 0 left on base; Brooklyn 1 - Ocean City 4 |
| TOP OF THE 5TH |
|
Brooklyn Cyclones batting - Pitching for Ocean City Blue Crabs : RHP Chad Ogea
|
|
Batting: LHB Joe Siddall
|
0-0: Ball 1-0: Ball 2-0: Ball 3-0: Base on Balls
|
|
Batting: RHB Onix Concepcion
|
0-0: Bunt missed! 0-1: Bunted foul 0-2: Foul Ball, location: 2F 0-2: Ball 1-2: SINGLE (Groundball, 4D, EV 95.0 MPH) Joe Siddall to second
|
|
Batting: LHB Ray Giannelli
|
0-0: Called Strike 0-1: Swinging Strike 0-2: Ball 1-2: SINGLE (Flyball, 4MD, EV 92.5 MPH) Joe Siddall to third Onix Concepcion to second
|
|
Batting: RHB Jed Hansen
|
0-0: Ball 1-0: Ball 2-0: DOUBLE (Line Drive, 9LD, EV 104.4 MPH) Joe Siddall scores Onix Concepcion scores Ray Giannelli to third
|
|
Batting: SHB Turner Ward
|
0-0: Ball 1-0: Ball 2-0: Ball 3-0: Base on Balls
|
|
Batting: LHB Greg Blosser
|
0-0: Called Strike 0-1: Called Strike 0-2: Fly out, F8 (Line Drive, 8RD, EV 103.8 MPH) Runner from 3rd tags up, SCORES, throw by CF Jed Hansen to third
|
|
Batting: RHB Brent Cookson
|
0-0: Foul Ball, location: 2F 0-1: Called Strike 0-2: Ball 1-2: Strikes out swinging
|
|
Batting: RHB Pedro Castellano
|
0-0: Ball 1-0: Fielders Choice at 2nd, 6-4 (Groundball, 6, EV 88.8 MPH)
|
| Top of the 5th over - 3 runs, 3 hits, 0 errors, 2 left on base; Brooklyn 4 - Ocean City 4 |
| BOTTOM OF THE 5TH |
|
Ocean City Blue Crabs batting - Pitching for Brooklyn Cyclones : RHP Frankie Rodriguez
|
|
Batting: SHB Junior Felix
|
0-0: Called Strike 0-1: Foul Ball, location: 2F 0-2: Ball 1-2: Strikes out swinging
|
|
Batting: LHB Don Mattingly
|
0-0: Ball 1-0: Swinging Strike 1-1: Foul Ball, location: 2F 1-2: Ball 2-2: Ball 3-2: Fly out, F7 (Flyball, 7D, EV 103.1 MPH)
|
|
Batting: LHB Curtis Pride
|
0-0: Ball 1-0: Swinging Strike 1-1: Ball 2-1: SINGLE (Groundball, 6D, EV 98.1 MPH)
|
|
Batting: RHB Scott Leius
|
0-0: SINGLE (Line Drive, 34D, EV 97.5 MPH) Curtis Pride to second Runner from 2nd tries for 3rd, SAFE, throw by RF made to third
|
|
Batting: RHB Jeff Abbott
|
0-0: Ball 1-0: Called Strike 1-1: Ball 2-1: Ball 3-1: 3-RUN HOME RUN (Flyball, 78XD, EV 92.5 MPH), Distance : 397 ft
|
|
Pitching: RHP Curt Lyons
|
|
|
Batting: RHB Einar Diaz
|
0-0: Called Strike 0-1: Ball 1-1: Ground out 5-3 (Groundball, 56S, EV 65.6 MPH)
|
| Bottom of the 5th over - 3 runs, 3 hits, 0 errors, 0 left on base; Brooklyn 4 - Ocean City 7 |
| TOP OF THE 6TH |
|
Brooklyn Cyclones batting - Pitching for Ocean City Blue Crabs : RHP Chad Ogea
|
|
Batting: RHB Mike R. Fitzgerald
|
0-0: Foul Ball, location: 2F 0-1: Foul Ball, location: 2F 0-2: Foul Ball, location: 2F 0-2: Ball 1-2: Ball 2-2: Ground out 4-3 (Groundball, 4, EV 86.9 MPH)
|
|
Batting: LHB Joe Siddall
|
0-0: Ball 1-0: Fly out, F7 (Flyball, 7LM, EV 101.9 MPH)
|
|
Batting: RHB Onix Concepcion
|
0-0: Called Strike 0-1: Ground out 6-3 (Groundball, 6, EV 82.5 MPH)
|
| Top of the 6th over - 0 runs, 0 hits, 0 errors, 0 left on base; Brooklyn 4 - Ocean City 7 |
| BOTTOM OF THE 6TH |
|
Ocean City Blue Crabs batting - Pitching for Brooklyn Cyclones : RHP Curt Lyons
|
|
Batting: RHB Manny Alexander
|
0-0: Called Strike 0-1: Ball 1-1: Swinging Strike 1-2: Fly out, F6 (Line Drive, 6, EV 72.5 MPH)
|
|
Batting: RHB Jarvis Brown
|
0-0: Called Strike 0-1: Ball 1-1: Ball 2-1: SINGLE (Line Drive, 8LS, EV 90.6 MPH)
|
|
Pinch Hitting: RHB Pat F. Kelly
|
0-0: Called Strike 0-1: Ball 1-1: Fly out, F9 (Line Drive, 9, EV 93.1 MPH)
|
|
Batting: SHB Junior Felix
|
0-0: Ball 1-0: Ball 2-0: Called Strike 2-1: Called Strike 2-2: Ball 3-2: Foul Ball, location: 2F 3-2: Base on Balls Jarvis Brown to second
|
|
Batting: LHB Don Mattingly
|
0-0: Ball 1-0: Swinging Strike 1-1: Ball 2-1: SINGLE (Groundball, 34D, EV 109.4 MPH) Jarvis Brown to third Junior Felix to second Runner from 3rd tries for Home, SAFE, no throw by RF
|
|
Pitching: RHP Manny Aybar
|
|
|
Batting: LHB Curtis Pride
|
0-0: Called Strike 0-1: Swinging Strike 0-2: Foul Ball, location: 2F 0-2: Strikes out swinging
|
| Bottom of the 6th over - 1 run, 2 hits, 0 errors, 2 left on base; Brooklyn 4 - Ocean City 8 |
| TOP OF THE 7TH |
|
Brooklyn Cyclones batting - Pitching for Ocean City Blue Crabs : RHP Chad Ogea
|
|
Pitching: RHP Ramon Morel
|
|
|
Now at 2B: Pat F. Kelly
|
|
|
Batting: LHB Ray Giannelli
|
0-0: Called Strike 0-1: Foul Ball, location: 2F 0-2: Strikes out swinging
|
|
Batting: RHB Jed Hansen
|
0-0: Ball 1-0: Ball 2-0: Ball 3-0: Called Strike 3-1: Called Strike 3-2: Base on Balls
|
|
Batting: SHB Turner Ward
|
0-0: Foul Ball, location: 2F 0-1: Ball 1-1: Fielders Choice at 2nd, 4-6 (Groundball, 4, EV 83.8 MPH)
|
|
Batting: LHB Greg Blosser
|
0-0: Ball 1-0: Ball 2-0: Swinging Strike 2-1: Ground out 4-3 (Groundball, 4, EV 106.3 MPH)
|
| Top of the 7th over - 0 runs, 0 hits, 0 errors, 1 left on base; Brooklyn 4 - Ocean City 8 |
| BOTTOM OF THE 7TH |
|
Ocean City Blue Crabs batting - Pitching for Brooklyn Cyclones : RHP Manny Aybar
|
|
Batting: RHB Scott Leius
|
0-0: Ball 1-0: Called Strike 1-1: Foul Ball, location: 2F 1-2: Ball 2-2: Foul Ball, location: 2F 2-2: Ball 3-2: Ground out 3-1 (Groundball, 34S, EV 83.8 MPH)
|
|
Batting: RHB Jeff Abbott
|
0-0: Ball 1-0: Ball 2-0: Ball 3-0: SINGLE (Groundball, 56, EV 91.9 MPH) (infield hit)
|
|
Batting: RHB Einar Diaz
|
0-0: Called Strike 0-1: Ball 1-1: Ball 2-1: Grounds into double play, 6-4-3 (Groundball, 56, EV 80.0 MPH)
|
| Bottom of the 7th over - 0 runs, 1 hit, 0 errors, 0 left on base; Brooklyn 4 - Ocean City 8 |
| TOP OF THE 8TH |
|
Brooklyn Cyclones batting - Pitching for Ocean City Blue Crabs : RHP Ramon Morel
|
|
Batting: RHB Brent Cookson
|
0-0: Ball 1-0: SINGLE (Groundball, 4MD, EV 95.0 MPH)
|
|
Batting: RHB Pedro Castellano
|
0-0: Called Strike 0-1: Ball 1-1: Swinging Strike 1-2: Ball 2-2: Foul Ball, location: 2F 2-2: Strikes out looking
|
|
Batting: RHB Mike R. Fitzgerald
|
0-0: Ball 1-0: Foul Ball, location: 2F 1-1: SINGLE (Line Drive, 4D, EV 105.6 MPH) Brent Cookson to second
|
|
Pitching: RHP Pep Harris
|
|
|
Batting: LHB Joe Siddall
|
0-0: Called Strike 0-1: Fly out, F6 (Popup, 6, EV 66.9 MPH)
|
|
Batting: RHB Onix Concepcion
|
0-0: Called Strike 0-1: Foul Ball, location: 2F 0-2: Strikes out looking
|
| Top of the 8th over - 0 runs, 2 hits, 0 errors, 2 left on base; Brooklyn 4 - Ocean City 8 |
| BOTTOM OF THE 8TH |
|
Ocean City Blue Crabs batting - Pitching for Brooklyn Cyclones : RHP Manny Aybar
|
|
Batting: RHB Manny Alexander
|
0-0: Ball 1-0: Fly out, F9 (Flyball, 89M, EV 86.9 MPH)
|
|
Batting: RHB Jarvis Brown
|
0-0: Called Strike 0-1: Foul Ball, location: 2F 0-2: Strikes out swinging
|
|
Batting: RHB Pat F. Kelly
|
0-0: Ground out 5-3 (Groundball, 56, EV 102.5 MPH)
|
| Bottom of the 8th over - 0 runs, 0 hits, 0 errors, 0 left on base; Brooklyn 4 - Ocean City 8 |
| TOP OF THE 9TH |
|
Brooklyn Cyclones batting - Pitching for Ocean City Blue Crabs : RHP Pep Harris
|
|
Batting: LHB Ray Giannelli
|
0-0: Called Strike 0-1: Swinging Strike 0-2: Ball 1-2: Strikes out swinging
|
|
Batting: RHB Jed Hansen
|
0-0: Foul Ball, location: 2F 0-1: Ground out 6-3 (Groundball, 6, EV 108.8 MPH)
|
|
Batting: SHB Turner Ward
|
0-0: Ball 1-0: Ball 2-0: Ball 3-0: Called Strike 3-1: Foul Ball, location: 2F 3-2: Foul Ball, location: 2F 3-2: SINGLE (Groundball, 56D, EV 93.8 MPH)
|
|
Batting: LHB Greg Blosser
|
0-0: Ball 1-0: Fielders Choice at 2nd, 6-4 (Groundball, 6, EV 101.3 MPH)
|
| Top of the 9th over - 0 runs, 1 hit, 0 errors, 1 left on base; Brooklyn 4 - Ocean City 8 |
|